 Dungeon Crawl Stone Soup version 0.30.0-5-g1a98f26d00 (webtiles) character file.

Game seed: 14853317031777887611

9756 Orangeyouglad the Nimble (level 11, -14/87 HPs)
             Began as a Human Monk on May 9, 2023.
             Was an Elder of Dithmenos.
             Demolished by a two-headed ogre
             ... wielding a +0 giant club
              (24 damage)
             ... on level 9 of the Dungeon.
             The game lasted 00:55:28 (16153 turns).

Orangeyouglad the Nimble (Human Monk)              Turns: 16153, Time: 00:55:29

Health: -14/87     AC: 11    Str: 11    XL:     11   Next: 80%
Magic:  7/15       EV: 16    Int: 15    God:    Dithmenos [****..]
Gold:   801        SH:  0    Dex: 16    Spells: 4/16 levels left

rFire   . . .        m - +8 scimitar of the Harvest {pain, Will+}
rCold   + . .        (no shield)
rNeg    . . .        V - +0 troll leather armour
rPois   .            (no helmet)
rElec   .            M - +0 cloak
rCorr   .            (no gloves)
SInv    .            f - +1 pair of boots
Will    +....        u - amulet of the acrobat
Stlth   ++           O - ring of protection from cold
HPRegen 1.14/turn    (no ring)
MPRegen 0.14/turn

%: acrobat
@: ice-armoured, wreathed by umbra, studying Shields
A: no striking features
a: Renounce Religion, Shadow Step


You were on level 9 of the Dungeon.
You worshipped Dithmenos.
Dithmenos was greatly pleased with you.
You visited 2 branches of the dungeon, and saw 10 of its levels.
You also visited: Ossuary and Bailey.

You collected 1171 gold pieces.
You spent 370 gold pieces at shops.

Inventory:

Hand Weapons
 m - the +8 scimitar of the Harvest (weapon) {pain, Will+}
   (You bought it in a shop on level 4 of the Dungeon)

   Will:      It increases your willpower.
 p - a +4 halberd
 t - a +0 shortbow
 C - a +3 scimitar
 D - a +5 dire flail
Missiles
 r - 4 poisoned darts
 A - a boomerang of dispersal
 S - 6 throwing nets
 U - 29 javelins (quivered)
Armour
 d - an orb of light
 f - a +1 pair of boots (worn)
 M - a +0 cloak (worn)
 Q - a +0 kite shield
 V - a +0 troll leather armour (worn)
Magical Staves
 h - a staff of earth
 l - a staff of cold
Jewellery
 a - an amulet of reflection
 u - an amulet of the acrobat (around neck)
 O - a ring of protection from cold (left hand)
 T - an amulet of regeneration
 X - an amulet of faith
Wands
 B - a wand of flame (50)
 G - a wand of light (3)
 J - a wand of roots (5)
 K - a wand of charming (4)
Scrolls
 b - 3 scrolls of enchant armour
 e - 2 scrolls of teleportation
 j - 2 scrolls of magic mapping
 k - 2 scrolls of amnesia
 o - 2 scrolls of vulnerability {unknown}
 I - 3 scrolls of immolation
 P - a scroll of torment {unknown}
 Y - a scroll of butterflies {unknown}
Potions
 c - 2 potions of ambrosia
 g - 3 potions of curing
 i - a potion of heal wounds
 n - 3 potions of mutation
 v - a potion of brilliance
 w - a potion of might
 x - 6 potions of attraction
 z - 2 potions of magic
 E - 4 potions of lignification
 N - a potion of haste
 W - a potion of flight {unknown}


   Skills:
 + Level 8.7 Fighting
 + Level 7.9 Long Blades
 - Level 2.5 Armour
 + Level 8.7 Dodging
 + Level 5.1 Shields
 - Level 3.0 Spellcasting
 - Level 4.3 Conjurations
 - Level 3.3 Hexes
 + Level 6.0 Translocations
 - Level 4.0 Ice Magic


You had 4 spell levels left.
You knew the following spells:

 Your Spells              Type           Power      Damage    Failure   Level
a - Dazzling Flash        Conj/Hex       26%        N/A       16%         3
b - Ozocubu's Armour      Ice            14%        N/A       16%         3
c - Blink                 Tloc           40%        N/A       3%          2
d - Manifold Assault      Tloc           20%        N/A       22%         4

Your spell library contained the following spells:

 Spells                   Type           Power      Damage    Failure   Level
 Slow                     Hex            48%        N/A       7%          1
 Confusing Touch          Hex            12%        N/A       21%         3
 Necrotise                Necr           8%         1d4       26%         1
 Vampiric Draining        Necr           2%         2d6       61%         3
 Silence                  Hex/Air        3%         N/A       98%         5
 Agony                    Necr           2%         N/A       100%        5
 Ozocubu's Refrigeration  Ice            7%         4d9       100%        7
 Storm Form               Tmut/Air       1%         N/A       100%        7


Dungeon Overview and Level Annotations

Branches:
Dungeon (9/15)             Temple (1/1) D:5         Ossuary (visited)
 Bailey (visited)
   Lair: D:8-11         Orc: D:9-12

Altars:
Ashenzari
Cheibriados
Dithmenos
Elyvilon
Fedhas
Gozag
Hepliaklqana
Kikubaaqudgha
Makhleb
Nemelex Xobeh
Okawaru
Qazlal
Ru
Sif Muna
Trog
Uskayaw
Vehumet
Xom
Yredelemnul
Zin

Shops:
D:2 [   D:4 *   D:6 [   D:8 ?=   D:9 !

Portals:
Abyss: D:7

Annotations:
D:7 2 transporters, kmckee's ghost, novice MiFi
D:9 Erolcha


Message History

Casting: Dazzling Flash (dangerous; 16% risk of failure)
Press: ? - help, Dir - look around, f - activate The two-headed ogre hits you with a +0 giant club!!
The two-headed ogre hits you with a +0 giant spiked club!
Casting: Dazzling Flash (dangerous; 16% risk of failure)
Confirm with . or Enter, or press ? or * to list all spells.
Casting: Dazzling Flash (dangerous; 16% risk of failure)
Press: ? - help, Dir - look around, f - activate The two-headed ogre is dazzled.
You closely miss the two-headed ogre.
The two-headed ogre is moderately wounded.
The two-headed ogre misses you.
The two-headed ogre hits you with a +0 giant spiked club!!
You hit the two-headed ogre.
The two-headed ogre is moderately wounded.
The two-headed ogre misses you.
The two-headed ogre completely misses you.
You slash the two-headed ogre!
The two-headed ogre is moderately wounded.
You slash the two-headed ogre!
The two-headed ogre is heavily wounded.
The two-headed ogre looks more healthy.
The two-headed ogre barely misses you. The two-headed ogre misses you.
You hit the two-headed ogre.
The two-headed ogre is severely wounded.
The two-headed ogre barely misses you.
The two-headed ogre hits you with a +0 giant spiked club!
* * * LOW HITPOINT WARNING * * *
You slash the two-headed ogre!
The two-headed ogre is almost dead.
You closely miss the two-headed ogre.
The two-headed ogre is almost dead.
The two-headed ogre is no longer blind.
The two-headed ogre barely misses you.
The two-headed ogre hits you with a +0 giant spiked club!!
* * * LOW HITPOINT WARNING * * *
You hit the two-headed ogre.
The two-headed ogre is almost dead.
The two-headed ogre barely misses you.
The two-headed ogre hits you with a +0 giant spiked club!!
You die...

...,,,,,,,,,............###.#####
...,,,,,,...............##.......
...,,,...........(......#........
...,,,...........................
...,,,...........................
..,,,,.................###.......
..,,,,................## ###.....
*,,,,,....(..........## ##....
**,,,,>..(..((.O@...## ##...
**,,,...........##.## ##..
**,,........#####..## ##..
**,....##### #...# ##...
*#.###*********###########....
####..#,,,,,,,,,,,,.......#......
.....#*,,*,,,*,,,*,..#...#.......
....#**_,,,,,,,,,,,..............
....# *,,*,,,*,,,*,..#...#...##..


You could see a two-headed ogre.

Vanquished Creatures
  A two-headed ogre (D:9)
  A deep elf zephyrmancer (D:9)
  Joseph (D:8)
  2 unseen horrors
  A troll (D:7)
  Grinder (D:4)
  4 yaks (D:9)
  2 wraiths (Ossuary)
  Eustachio (D:4)
  A steam dragon (D:9)
  Grum (D:8)
  Edmund (D:6)
  Menkaure (D:6)
  2 acid dragons (D:9)
  A water moccasin (D:6)
  A sky beast (D:7)
  9 orc warriors
  2 black bears
  An ice beast (D:6)
  4 ogres
  A wolf (D:7)
  13 centaurs
  A kobold brigand (D:8)
  7 bullfrogs
  2 gnoll sergeants
  5 scorpions
  12 wights
  A crimson imp (D:3)
  9 hounds
  4 jellies
  4 orc priests
  5 iguanas
  4 gnoll boudas
  Natasha (thrice) (D:4)
  10 orc wizards
  30 gnolls
  9 adders
  A shadow imp (D:5)
  2 white imps
  2 ufetubi
  A worm (D:4)
  2 dart slugs
  62 orcs
  8 bats
  5 endoplasms
  15 giant cockroaches
  8 goblins
  5 hobgoblins
  8 jackals
  2 quokkas
  12 ball pythons
  7 frilled lizards
  2 hobgoblin skeletons (Ossuary)
  21 kobolds
  2 kobold zombies (Ossuary)
  An orc skeleton (Ossuary)
  9 rats
333 creatures vanquished.

Vanquished Creatures (others)
  A hound (D:8)
  An orc (Bailey)
2 creatures vanquished.

Grand Total: 335 creatures vanquished

Notes
Turn   | Place    | Note
-------+----------+-------------------------------------------
     0 | D:1      | Orangeyouglad the Human Monk began the quest for the Orb.
     0 | D:1      | Reached XP level 1. HP: 18/18 MP: 1/1
    14 | D:1      | Found a faded altar of an unknown god.
    14 | D:1      | Noticed a great orb of eyes
    17 | D:1      | Noticed a shining eye
    17 | D:1      | Noticed a floating eye
    17 | D:1      | Noticed a floating eye
    79 | D:1      | Reached XP level 2. HP: 23/24 MP: 2/2
   241 | D:1      | Reached XP level 3. HP: 20/29 MP: 3/3
   464 | D:1      | Learned a level 3 spell: Dazzling Flash
   797 | D:2      | Reached XP level 4. HP: 19/35 MP: 5/5
  1150 | D:2      | Reached skill level 1 in Spellcasting
  1222 | D:2      | Noticed a scorpion
  1237 | D:2      | Killed a scorpion
  1238 | D:2      | Reached skill level 1 in Conjurations
  1238 | D:2      | Reached XP level 5. HP: 35/42 MP: 2/7
  1393 | D:2      | Found Vatoil's Armour Boutique.
  1530 | D:2      | Learned a level 3 spell: Ozocubu's Armour
  1913 | D:3      | Found a blossoming altar of Fedhas.
  2811 | D:3      | Found a burning altar of Makhleb.
  2811 | D:3      | Found a radiant altar of Vehumet.
  2824 | D:3      | Reached XP level 6. HP: 45/48 MP: 8/8
  3336 | D:4      | Noticed an ogre
  3521 | D:4      | Found a shadowy altar of Dithmenos.
  3599 | D:4      | Reached skill level 1 in Armour
  3675 | D:4      | Noticed Natasha
  3943 | D:4      | Noticed an ogre
  4052 | D:4      | Killed Natasha
  4171 | D:4      | Noticed Natasha
  4182 | D:4      | Killed Natasha
  4188 | D:4      | Found Odeorem's Assorted Antiques.
  4227 | D:4      | Found a shimmering blue altar of Sif Muna.
  4309 | D:4      | Noticed Grinder
  4327 | D:4      | Paralysed by Grinder for 2 turns
  4331 | D:4      | Killed Grinder
  4332 | D:4      | Reached skill level 1 in Hexes
  4332 | D:4      | Reached XP level 7. HP: 46/55 MP: 10/10
  4443 | D:4      | Noticed Eustachio
  4674 | D:4      | Noticed Natasha
  4727 | D:4      | Killed Natasha
  5157 | D:5      | Entered Level 5 of the Dungeon
  5396 | D:3      | Reached skill level 5 in Dodging
  5396 | D:3      | Reached XP level 8. HP: 39/61 MP: 12/12
  5829 | D:4      | Bought an ancient scimitar for 216 gold pieces
  5829 | D:4      | Identified the +8 scimitar of the Harvest {pain, Will+}
                  | (You bought it in a shop on level 4 of the Dungeon)
  6037 | D:5      | Found a staircase to the Ecumenical Temple.
  6057 | Temple   | Entered the Ecumenical Temple
  6232 | D:5      | Reached skill level 5 in Fighting
  6244 | D:5      | Reached skill level 1 in Ice Magic
  6705 | D:5      | Found a sacrificial altar of Ru.
  7196 | D:6      | Reached XP level 9. HP: 54/69 MP: 13/13
  7204 | D:6      | Found an iron altar of Okawaru.
  7380 | D:6      | Learned a level 2 spell: Blink
  7391 | D:6      | Reached skill level 5 in Long Blades
  7393 | D:6      | Found a sand-covered staircase.
  7393 | D:6      | Noticed Menkaure
  7398 | D:6      | Killed Menkaure
  7533 | Ossuary  | Entered an ossuary
  7590 | Ossuary  | Reached skill level 1 in Translocations
  8452 | D:6      | Found Arahiw's Armour Shop.
  8677 | D:6      | Noticed Edmund
  8685 | D:6      | Killed Edmund
  8686 | D:6      | Reached XP level 10. HP: 69/77 MP: 14/14
  9396 | D:4      | Became a worshipper of Dithmenos the Shadowed
  9396 | D:4      | Reached * piety under Dithmenos
  9396 | D:4      | Reached ** piety under Dithmenos
  9467 | D:4      | Killed Eustachio
  9589 | D:6      | Killed an unseen horror
 10405 | D:7      | Noticed kmckee's ghost (novice MiFi)
 10407 | D:7      | Noticed a brown ugly thing
 10414 | D:7      | Found a transporter.
 10445 | D:7      | Found a transporter.
 10711 | D:8      | Noticed Joseph
 10728 | D:7      | Found a one-way gate to the infinite horrors of the Abyss.
 11484 | D:8      | Killed Joseph
 11485 | D:8      | Reached skill level 1 in Shields
 11681 | D:7      | Reached *** piety under Dithmenos
 11709 | D:7      | Learned a level 4 spell: Manifold Assault
 12429 | D:8      | Noticed Grum
 12438 | D:8      | Killed Grum
 12771 | D:8      | Found a snail-covered altar of Cheibriados.
 12829 | D:8      | Reached XP level 11. HP: 75/85 MP: 4/15
 13049 | D:8      | Reached **** piety under Dithmenos
 13350 | D:8      | Found Qoalung's Jewellery Emporium.
 13384 | D:8      | Found Quuh's Magic Scroll Emporium.
 13397 | D:8      | Bought 2 scrolls of identify for 56 gold pieces
 13402 | D:8      | Identified a scroll of acquirement
 13408 | D:8      | Acquired 474 gold pieces
 13411 | D:8      | Bought a scroll of identify for 28 gold pieces
 13481 | D:8      | Found an opulent altar of Gozag.
 13616 | D:9      | Found a flagged portal.
 13690 | Bailey   | Entered a bailey
 13953 | Bailey   | Reached skill level 5 in Translocations
 15145 | D:9      | Noticed a two-headed ogre
 15156 | D:9      | Killed a two-headed ogre
 15341 | D:9      | Noticed Erolcha
 15354 | D:9      | Noticed a two-headed ogre
 15362 | D:9      | Noticed a deep elf zephyrmancer
 15714 | D:9      | Found Moerph's Distillery.
 15719 | D:9      | Bought a potion of heal wounds for 70 gold pieces
 15764 | D:9      | Killed a deep elf zephyrmancer
 15809 | D:9      | Reached skill level 5 in Shields
 16153 | D:9      | Demolished by a two-headed ogre

Illustrated notes

Levels and vault maps discovered:
D:1:      saegor_arrival_simple_d, layout_basic,
          hellmonk_ecumenical_altar_watching_god, minmay_tree_intersection,
          minmay_tromino_v4_b
D:2:      layout_basic, serial_shops, nicolae_shop_back_alley_shop,
          kennysheep_generic_room_3
D:3:      minmay_roachtagon, layout_basic,
          grunt_temple_overflow_lords_of_destruction,
          mainiacjoe_overflow_boulevard, minmay_misc_feat_ornament,
          grunt_ministairs_13
D:4:      layout_gridville, grunt_dithmenos_smoke_and_mirrors, led_sif_book,
          serial_shops, nicolae_shop_dealshenge, uniq_eustachio, uniq_grinder,
          uniq_natasha
D:5:      layout_loops_cross, nicolae_ru_great_annihilating_truth,
          minmay_temple_entry_grid
D:6:      layout_loops_corners, okawaru_trees_1, enter_ossuary_2,
          minmay_shop_grid_forest, minmay_a_box_with_orc_wizards_in_it,
          uniq_menkaure, uniq_edmund
D:7:      layout_basic, gammafunk_ghost_abyssal_escape
D:8:      layout_cave_pools, cheibriados_altar_1, grunt_gozag_statues,
          serial_gnoll_camp, grums_kennel, gnoll_camp_medium_02,
          gnoll_camp_mini_shop, gnoll_camp_mini_shop, gnoll_camp_mini_loothouse,
          gnoll_camp_mini_basic, uniq_joseph
D:9:      layout_layer_cave, lemuel_coloured_pillars_altar, serial_shops,
          nicolae_shop_back_alley_shop, enter_bailey_3, grunt_ogre_cave,
          guppyfry_early_elven_hall, uniq_erolcha
Temple:   nicolae_temple_ecumenical_triangle

Skill      XL: |  1  2  3  4  5  6  7  8  9 10 11 |
---------------+----------------------------------+-----
Spellcasting   | 1 2 3 |  3.0
Conjurations   | 1 2 3 4 |  4.3
Dodging        | 4 5 6 7 8 |  8.7
Fighting       | 4 5 6 7 8 |  8.7
Armour         | 2 |  2.5
Hexes          | 1 2 3 |  3.3
Ice Magic      | 2 4 |  4.0
Long Blades    | 4 5 6 7 |  7.9
Translocations | 2 4 6 |  6.0
Shields        | 2 5 |  5.1

Action                     |  1- 3 |  4- 6 |  7- 9 | 10-12 || total
---------------------------+-------+-------+-------+-------++-------
  Melee: Falchion          |   101 |   171 |    36 |       ||   308
         Scimitar          |       |       |   178 |   475 ||   653
         Punch             |       |       |       |     6 ||     6
   Fire: Sling             |       |     6 |     2 |       ||     8
  Throw: Dart              |       |       |     7 |     9 ||    16
         Javelin           |       |       |     7 |    26 ||    33
   Cast: Dazzling Flash    |       |     1 |       |    33 ||    34
         Blink             |       |       |     1 |     5 ||     6
         Ozocubu's Armour  |       |       |       |    11 ||    11
 Invoke: Shadow Step       |       |       |       |     1 ||     1
  Evoke: Wand              |     2 |     6 |     4 |    13 ||    25
    Use: Scroll            |       |       |    10 |    11 ||    21
         Potion            |       |       |     2 |     1 ||     3
   Stab: Paralysed         |       |       |     1 |       ||     1
         Invisible         |       |       |     1 |    13 ||    14
         Sleeping          |       |       |       |     1 ||     1
 Armour: Robe              |    30 |    51 |    10 |       ||    91
         Leather armour    |       |       |    35 |    48 ||    83
         Troll leather arm |       |       |       |    91 ||    91
  Dodge: Dodged            |    80 |   133 |   208 |   956 ||  1377
  Block: Other             |       |       |       |     1 ||     1
